 Dungeon Crawl Stone Soup version 0.28.0-49-g6dfe1f597d (webtiles) character file.

Game seed: 7118637061631070264

14 Exodus22XD the Insei (level 2, 17/18 HPs)
             Began as an Octopode Transmuter on May 19, 2022.
             Was a Follower of Vehumet.
             Quit the game on level 1 of the Dungeon.
             The game lasted 00:00:30 (834 turns).

Exodus22XD the Insei (Octopode Transmuter)           Turns: 834, Time: 00:00:31

Health: 17/18      AC:  1    Str:  9    XL:     2   Next: 41%
Magic:  5/5        EV: 13    Int: 15    God:    Vehumet [*.....]
Gold:   78         SH:  0    Dex: 12    Spells: 4/5 levels left

rFire   . . .      SeeInvis .     - Unarmed
rCold   . . .      Faith    .   (no shield)
rNeg    . . .      Spirit   .   (helmet restricted)
rPois   .          Reflect  .   (no amulet)
rElec   .          Harm     .   (no ring)
rCorr   .          Rampage  .   (no ring)
Will    .....                   (no ring)
Stlth   ++........              (no ring)
HPRegen 0.06/turn               (no ring)
MPRegen 0.09/turn               (no ring)
                                (no ring)
                                (no ring)

@: no status effects
A: almost no armour, amphibious, 8 rings, camouflage 1, gelatinous body 1,
(nimble swimmer 1), tentacles
a: Renounce Religion


You were on level 1 of the Dungeon.
You worshipped Vehumet.
Vehumet was aware of your devotion.
You visited 1 branch of the dungeon, and saw 1 of its levels.

You collected 78 gold pieces.

You aren't carrying anything.


   Skills:
 - Level 1.0 Fighting
 - Level 2.0 Dodging
 - Level 3.0 Unarmed Combat
 - Level 2.0 Spellcasting
 + Level 3.0 Transmutations


You had 4 spell levels left.
You knew the following spells:

 Your Spells              Type           Power      Damage    Failure   Level
a - Beastly Appendage     Tmut           20%        N/A       6%          1

Your spell library contained the following spells:

 Spells                   Type           Power      Damage    Failure   Level
 Sandblast                Erth           2%         2d4       22%         1
 Wereblood                Tmut           10%        N/A       10%         2
 Spider Form              Tmut/Pois      6%         N/A       34%         3
 Ice Form                 Ice/Tmut       6%         N/A       75%         4


Dungeon Overview and Level Annotations

Branches:
Dungeon (1/15)

Altars:
Vehumet


Innate Abilities, Weirdness & Mutations

You cannot wear most types of armour.
You are amphibious.
You can wear up to eight rings at the same time.
Your skin changes colour to match your surroundings (Stealth+).
Your rubbery body absorbs attacks. (AC +1, EV +1)
((You are camouflaged when in or above water. (Stealth+)))
You have tentacles for arms and can constrict up to eight enemies at once.


Message History

Found a stone staircase leading down.
No target in view!
No target in view!
No target in view!
Search for what [? for help]? go
Found 7 gold pieces.
There is a faded altar of an unknown god here.
You cannot tell which god this altar belongs to.
Convert to them anyway? [Y]es or [N]o only, please.
You cannot tell which god this altar belongs to.
Convert to them anyway?
Vehumet accepts your prayer! Vehumet welcomes you!
You can now gain magical power from killing.
Vehumet offers you knowledge of Sandblast.
Unknown command.
Press < or > to pray at altars.
No target in view!
Found a stone staircase leading down.
No target in view!
A frilled lizard comes into view.
The frilled lizard hisses angrily.
A frilled lizard is nearby!
The frilled lizard bites you.
A frilled lizard is nearby!
You barely miss the frilled lizard. Your grab misses the frilled lizard.
The frilled lizard closely misses you.
A frilled lizard is nearby!
You tentacle-slap the frilled lizard but do no damage.
Your grab misses the frilled lizard. The frilled lizard bites you.
A frilled lizard is nearby!
You barely miss the frilled lizard. Your grab misses the frilled lizard.
The frilled lizard bites you.
A frilled lizard is nearby!
You tentacle-slap the frilled lizard.
You kill the frilled lizard!
Vehumet accepts your kill.
Key pressed, stopping explore.
No target in view!
Unknown command.
Are you sure you want to abandon this character and quit the game? (Confirm with "yes".)

#.#.# #.# #.#.# #.#
###'#.###### #.#
.###............ #.#
........_.#####.# #.# ###
..........#####># #.#
..####....#.........# #.#
<..# ####.######.##.#...#.#
...######.......@.......#.#.#
..###...########........#.#.#
'##.......## #...$....#.#.#
.#.........# #....$...#.#.#
.'.........# #..#.....#.#.#
.#.........# #..#...#.#.#.#
'##.......##
#..#.....#.#.##:# .####...###
#..# .####......# ....#####
###.#..#


There were no monsters in sight!

Vanquished Creatures
  2 endoplasms (D:1)
  2 hobgoblins (D:1)
  A kobold (D:1)
  A quokka (D:1)
  3 ball pythons (D:1)
  4 frilled lizards (D:1)
  A goblin (D:1)
14 creatures vanquished.

Notes
Turn   | Place    | Note
-------+----------+-------------------------------------------
     0 | D:1      | Exodus22XD the Octopode Transmuter began the quest for the
                  | Orb.
     0 | D:1      | Reached XP level 1. HP: 13/13 MP: 3/3
   489 | D:1      | Reached XP level 2. HP: 18/18 MP: 5/5
   694 | D:1      | Found a faded altar of an unknown god.
   775 | D:1      | Prayed at the altar of an unknown god.
   775 | D:1      | Became a worshipper of Vehumet
   775 | D:1      | Reached * piety under Vehumet
   775 | D:1      | Offered knowledge of Sandblast by Vehumet.
   834 | D:1      | Quit the game

Illustrated notes

Levels and vault maps discovered:
D:1:      dpeg_arrival_three_bigger_balls, layout_basic, basic_ecumenical_altar

Skill      XL: |  1  2 |
---------------+-------+-----
Transmutations | 3 |  3.0
Fighting       | |  1.0
Dodging        | |  2.0
Unarmed Combat | |  3.0
Spellcasting   | |  2.0

Action                   || total
-------------------------++-------
Melee: Unarmed           ||    22
       Constrict         ||     5
       Tentacles         ||     5
 Stab: Sleeping          ||     4
Armor: Skin              ||     2
Dodge: Dodged            ||    11
